 Dungeon Crawl Stone Soup version 0.24-a0-65-g0956303 (webtiles) character file.

Game seed: 17391076331404212544

58 Blackhawk the Ducker (level 3, -3/28 HPs)
             Began as a Demonspawn Gladiator on Feb 4, 2019.
             Slain by an orc
             ... wielding a +0 club
              (6 damage)
             ... on level 3 of the Dungeon.
             The game lasted 00:02:36 (1927 turns).

Blackhawk the Ducker (Demonspawn Gladiator)         Turns: 1927, Time: 00:02:36

Health: -3/28      AC:  4    Str: 15    XL:     3   Next: 75%
Magic:  3/3        EV: 13    Int:  9    God:
Gold:   51         SH:  0    Dex: 14    Spells: 2/2 levels left

rFire    . . .     SeeInvis .   a - +0 war axe
rCold    . . .     Gourm    .   (no shield)
rNeg     . . .     Faith    .   b - +0 leather armour
rPois    .         Spirit   .   c - +0 helmet
rElec    .         Reflect  .   (no cloak)
rCorr    .         Harm     .   (no gloves)
MR       .....                  (no boots)
Stlth    +.........             (no amulet)
HPRegen  0.09/turn              (no ring)
MPRegen  0.08/turn              (no ring)

@: no status effects
A: claws 1
a: no special abilities


You were on level 3 of the Dungeon.
You were not hungry.

You visited 1 branch of the dungeon, and saw 4 of its levels.

You collected 51 gold pieces.

Inventory:

Hand Weapons
 a - a +0 war axe (weapon)
Missiles
 d - 3 throwing nets (quivered)
Armour
 b - a +0 leather armour (worn)
 c - a +0 helmet (worn)
 l - the +7 ring mail "Paagoxzu" {rPois rC+++ rN++ Dex-2, unknown}
   (You found it on level 4 of the Dungeon)

   It affects your dexterity (-2).
   It renders you almost immune to cold.
   It protects you from poison.
   It greatly protects you from negative energy.
Jewellery
 m - an uncursed ring of protection from cold {unknown}
Scrolls
 g - a scroll of fog {unknown}
 h - 3 scrolls of identify {unknown}
 i - a scroll of magic mapping {unknown}
 k - 2 scrolls of remove curse {unknown}
 o - a scroll of blinking {unknown}
Potions
 e - 2 potions of agility {unknown}
 j - 2 potions of curing {unknown}
 n - a potion of heal wounds {unknown}
 p - a potion of mutation {unknown}
Comestibles
 f - 2 rations


   Skills:
 + Level 2.7 Fighting
 + Level 3.1 Axes
 - Level 1.7 Throwing
 + Level 1.3 Armour
 + Level 3.1 Dodging


You had 2 spell levels left.
You didn't know any spells.
Your spell library was empty.

Dungeon Overview and Level Annotations

Branches:
Dungeon (4/15)
 Temple: D:4-7

Altars:
Kikubaaqudgha
Uskayaw
Zin

Annotations:
D:4 Edmund


Innate Abilities, Weirdness & Mutations

You have sharp fingernails.


Message History

The orc closely misses you. The goblin hits you with a +0 club.
* * * LOW HITPOINT WARNING * * *
The orc hits you with a +0 mace.
* * * LOW HITPOINT WARNING * * *
The giant cockroach bites you but does no damage.
Found a ring mail.
The giant cockroach bites you but does no damage.
The giant cockroach closely misses you.
The giant cockroach bites you but does no damage.
The giant cockroach barely misses you.
A bat comes into view.
The bat moves out of view.
A bat comes into view.
An orc comes into view. It is wielding a +0 club.
The orc shouts!
You hear an angry hiss.
The bat hits you.
* * * LOW HITPOINT WARNING * * *
An adder comes into view.
The orc hits you with a +0 club.
You die... #.# #.#### #.#.# # #..h[# ...# .# ####h# .... .. #.# ..##. #o# Sb..

#.# #.. #g# #b#
#.# ##@#
#h#########s#o#
#.h..ho..g.###.#
###########.# ##
#.# ##


You could see an adder, an orc, a giant cockroach, a goblin and 2 bats.

Vanquished Creatures
  An adder (D:3)
  2 worms (D:2)
  A dart slug (D:1)
  2 leopard geckos (D:1)
  6 ball pythons (D:3)
  5 bats
  A giant cockroach (D:1)
  3 goblins (D:1)
  5 hobgoblins
  3 frilled lizards
  5 kobolds
  4 rats
38 creatures vanquished.

Notes
Turn   | Place    | Note
-------+----------+-------------------------------------------
     0 | D:1      | Blackhawk the Demonspawn Gladiator began the quest for the
                  | Orb.
     0 | D:1      | Reached XP level 1. HP: 16/16 MP: 1/1
   305 | D:1      | Gained mutation: You have sharp fingernails. [demonic
                  | ancestry]
   305 | D:1      | Reached XP level 2. HP: 21/22 MP: 2/2
  1012 | D:1      | Reached skill level 1 in Armour
  1327 | D:2      | Reached XP level 3. HP: 20/28 MP: 3/3
  1799 | D:2      | Found a hide-covered altar of Uskayaw.
  1799 | D:2      | Found a glowing silver altar of Zin.
  1804 | D:2      | Found an ancient bone altar of Kikubaaqudgha.
  1804 | D:2      | You fall through a shaft for 2 floors!
  1805 | D:4      | Noticed Edmund
  1805 | D:4      | Noticed an ogre
  1807 | D:4      | Got a polished ring mail
  1927 | D:3      | Slain by an orc

Vault maps used:
D:1:      dpeg_arrival_short_road
D:2:      chequers_temple_overflow_minitemple, feat_on_display
D:3:      first_ration, minmay_shallow_snake_nest
D:4:      serial_shops, shop, uniq_edmund

Skill      XL: |  1  2 |
---------------+-------+-----
Armour         | 1 |  1.3
Dodging        | 3 |  3.1
Axes           | 3 |  3.1
Fighting       | |  2.7
Throwing       | |  1.7

Action                   || total
-------------------------++-------
Melee: War axe           ||   113
 Stab: Sleeping          ||     1
  Eat: Chunk             ||     3
Armor: Leather armour    ||    40
Dodge: Dodged            ||    98

Table legend:
 A = Non-vault XP
 B = Vault XP
 C = Vault XP percentage of total XP
 D = Non-vault monster count
 E = Vault monster count
 F = Vault count percentage of total count
                 A         B        C        D         E       F
            +---------+---------+-------+---------+---------+-------
      Total |      60 |      23 |  27.7 |      31 |       7 |  18.4
            +---------+---------+-------+---------+---------+-------
        D:1 |      40 |       0 |   0.0 |      21 |       0 |   0.0
        D:2 |      19 |       0 |   0.0 |       9 |       0 |   0.0
        D:3 |       1 |      23 |  95.8 |       1 |       7 |  87.5
            +---------+---------+-------+---------+---------+-------
